 Dungeon Crawl Stone Soup version 0.23.0 (webtiles) character file.

Game seed: 3092063429126692932

8680 Jethus the Cruncher (level 11, -15/85 HPs)
             Began as a Black Draconian Fire Elementalist on Feb 13, 2019.
             Was a High Priest of Okawaru.
             Engulfed by a cloud of flame (28 damage)
             ... on level 1 of the Lair of Beasts on Feb 14, 2019.
             The game lasted 01:59:13 (16688 turns).

Jethus the Cruncher (DrFE)                         Turns: 16688, Time: 01:59:13

Health: -15/85     AC: 11    Str: 10      XL:     11   Next: 13%
Magic:  12/19      EV: 14    Int: 18      God:    Okawaru [*****.]
Gold:   600        SH:  0    Dex: 12 (13) Spells: 7/20 levels left

rFire    . . .     SeeInvis +   a - +2 quarterstaff (speed)
rCold    . . .     Gourm    .   (shield currently unavailable)
rNeg     . . .     Faith    .   (armour unavailable)
rPois    .         Spirit   .   (helmet restricted)
rElec    +         Reflect  .   c - scarf {repulsion}
rCorr    .         Harm     .   z - +1 pair of gloves
MR       ++...                  i - +1 pair of boots
Stlth    +++.......             (no amulet)
HPRegen  0.24/turn              m - ring of protection from magic
MPRegen  0.16/turn              t - ring of see invisible

@: about to teleport, flying, repel missiles
A: breathe lightning, unfitting armour, big wings, hooves 1, stinger 1,
deterioration 1, magic resistance 1, electricity resistance, cold-blooded, AC +7
a: Breathe Lightning, Stop Flying, Heroism, Finesse, Renounce Religion


You were on level 1 of the Lair of Beasts.
You worshipped Okawaru.
Okawaru was extremely pleased with you.
You were not hungry.

You visited 3 branches of the dungeon, and saw 13 of its levels.

You collected 600 gold pieces.

Inventory:

Hand Weapons
 a - a +2 quarterstaff of speed (weapon)
 s - a +2 great sword of slicing
Missiles
 e - 3 throwing nets (quivered)
 j - 52 poisoned needles
 C - 12 needles of confusion
Armour
 c - a scarf of repulsion (worn)
 i - a +1 pair of boots (worn)
 z - a +1 pair of gloves (worn)
Magical Staves
 x - an uncursed staff of conjuration
Jewellery
 m - a ring of protection from magic (left hand)
 t - a ring of see invisible (right hand)
 y - an uncursed ring of fire
 D - an uncursed ring of positive energy
Wands
 g - a wand of random effects (18)
 k - a wand of paralysis (12)
 l - a wand of flame (25)
 p - a wand of digging (3)
 q - a wand of iceblast (13)
 u - a wand of scattershot (5)
 B - a wand of disintegration (11)
Scrolls
 f - 3 scrolls of teleportation
 h - 6 scrolls of remove curse
 o - 4 scrolls of amnesia
 v - a scroll of enchant weapon
 A - 3 scrolls of identify
Potions
 d - a potion of curing
Miscellaneous
 n - a fan of gales
Comestibles
 b - 9 rations
 w - a chunk of flesh


   Skills:
 + Level 4.8 Fighting
 - Level 3.4 Long Blades
 + Level 10.6 Staves
 + Level 4.6 Dodging
 + Level 4.9 Stealth
 + Level 5.4 Spellcasting
 + Level 4.6 Conjurations
 + Level 6.6 Fire Magic
 * Level 4.4 Invocations
 + Level 0.9 Evocations


You had 7 spell levels left.
You knew the following spells:

 Your Spells              Type           Power        Failure   Level  Hunger
a - Flame Tongue          Conj/Fire      ####.        1%          1    None
b - Throw Flame           Conj/Fire      ####..       1%          2    #......
c - Conjure Flame         Conj/Fire      ####....     3%          3    ##.....
d - Sticky Flame          Conj/Fire      ####....     12%         4    ####...
e - Mephitic Cloud        Conj/Pois/Air  ##......     21%         3    ##.....

Your spell library contained the following spells:

 Spells                   Type           Power        Failure   Level  Hunger
 Sting                    Conj/Pois      ##..         4%          1    None
 Inner Flame              Hex/Fire       ###.....     10%         3    ##.....
 Poisonous Vapours        Pois/Air       #.....       19%         2    #......
 Fireball                 Conj/Fire      ####......   34%         5    ######.
 Olgreb's Toxic Radiance  Pois           #.......     77%         4    ####...
 Venom Bolt               Conj/Pois      ##........   80%         5    ######.


Dungeon Overview and Level Annotations

Branches:
Dungeon (11/15)            Temple (1/1) D:7            Lair (1/6) D:11
    Orc: D:9-12

Altars:
Ashenzari
Cheibriados
Dithmenos
Elyvilon
Fedhas
Gozag
Hepliaklqana
Kikubaaqudgha
Makhleb
Nemelex Xobeh
Okawaru
Qazlal
Ru
Sif Muna
Trog
Uskayaw
Vehumet
Wu Jian
Xom
Yredelemnul
Zin
The Shining One

Shops:
D:11 ?

Annotations:
D:7 3 runed translucent doors, DemiseAU's ghost, journeyman MfAK; mystoof's ghost, novice GnWz


Innate Abilities, Weirdness & Mutations

You can breathe wild blasts of lightning.
Your glossy black scales are hard. (AC +7)
You cannot fit into any form of body armour.
You are resistant to electric shocks. (rElec)
You are cold-blooded and may be slowed by cold attacks.
Your large and strong wings let you fly indefinitely.
You have large cloven feet.
Your tail ends in a poisonous barb.
Your body sometimes deteriorates upon taking damage.
You are resistant to hostile enchantments. (MR+)


Message History

You feel strangely unstable.
You feel very sick.
The spiny frog stings you but does no damage.
The blink frog blinks!
You feel very sick.
The blink frog blinks!
You sock the spiny frog!
The spiny frog is severely wounded.
You feel sick. The spiny frog closely misses you.
You sock the spiny frog!
The spiny frog explodes!
The fiery explosion engulfs you!!
* * * LOW HITPOINT WARNING * * *
Okawaru is honoured by your kill.
You are engulfed in blazing flames.
* * * LOW HITPOINT WARNING * * *
x2 You feel sick.
You hear an angry hiss.
You hear an angry growl.
You hear a loud, deep croak!
You feel better.
You are engulfed in blazing flames.
You die...

#......#....##.......
#......+....# .....#
#......#P...# .....#.
#......####.##.......
#.....%.##?##§#..%....
.....................#.
..........%............
..%.....§§†.......
.......@§§........
..###+#######....#
.$F.# ..## F.# ..


There were no monsters in sight!

Vanquished Creatures
  A two-headed ogre (D:10)
  An unseen horror (D:10)
  Pikel (D:6)
  Maurice (D:10)
  Joseph (D:8)
  A spiny frog (Lair:1)
  A hornet (D:10)
  2 hippogriffs
  Sigmund (D:2)
  A yak (D:10)
  Grum (D:11)
  A hornet zombie (D:9)
  4 ice beasts
  4 orc warriors
  3 phantoms (D:8)
  4 eyes of draining
  A necrophage (D:11)
  4 ogres
  3 wolves (D:11)
  5 centaurs
  A crocodile (Lair:1)
  5 bullfrogs
  A scorpion (D:5)
  4 killer bees (D:10)
  3 howler monkeys
  8 crimson imps
  2 centaur zombies
  A jelly (D:10)
  2 orc priests
  4 hounds
  9 orc wizards
  2 bullfrog skeletons
  Terence (D:3)
  5 iguanas
  Natasha (thrice) (D:3)
  10 worker ants
  2 hound zombies
  3 gnolls (D:5)
  10 adders
  2 shadow imps
  An ooze (D:4)
  An adder zombie (D:6)
  2 worms
  2 dart slugs (D:1)
  4 leopard geckos
  23 orcs
  11 bats
  7 giant cockroaches
  9 goblins
  10 hobgoblins
  4 jackals
  5 quokkas
  2 frilled lizards (D:2)
  4 kobolds
  A leopard gecko zombie (D:8)
  A quokka zombie (D:5)
  4 rats
  A butterfly (D:7)
211 creatures vanquished.

Vanquished Creatures (others)
  An orc (D:6)
1 creature vanquished.

Grand Total: 212 creatures vanquished

Notes
Turn   | Place    | Note
-------+----------+-------------------------------------------
     0 | D:1      | Jethus the Draconian Fire Elementalist began the quest for
                  | the Orb.
     0 | D:1      | Reached XP level 1. HP: 14/14 MP: 3/3
   305 | D:1      | Reached XP level 2. HP: 20/20 MP: 3/5
   861 | D:1      | Reached XP level 3. HP: 27/27 MP: 4/6
   909 | D:1      | Learned a level 2 spell: Throw Flame
   913 | D:1      | Learned a level 3 spell: Conjure Flame
   988 | D:1      | Gained mutation: You are weak. (Str -2) [potion of
                  | mutation]
   988 | D:1      | Gained mutation: Your large and strong wings let you fly
                  | indefinitely. [potion of mutation]
  1927 | D:2      | Reached skill level 1 in Fighting
  2051 | D:2      | Found an iron altar of Okawaru.
  2159 | D:2      | Noticed Sigmund
  2260 | D:2      | Became a worshipper of Warmaster Okawaru
  2336 | D:2      | Killed Sigmund
  2336 | D:2      | Reached * piety under Okawaru
  2336 | D:2      | Reached XP level 4. HP: 11/36 MP: 2/8
  2336 | D:2      | Reached XP level 5. HP: 12/41 MP: 2/9
  2649 | D:3      | Lost mutation: You are weak. (Str -2) [potion of mutation]
  2649 | D:3      | Gained mutation: You are resistant to hostile enchantments.
                  | (MR+) [potion of mutation]
  2649 | D:3      | Gained mutation: You have a pair of small horns on your
                  | head. [potion of mutation]
  2668 | D:3      | Noticed Terence
  2681 | D:3      | Killed Terence
  2803 | D:3      | Reached XP level 6. HP: 48/48 MP: 1/10
  3271 | D:3      | Noticed Natasha
  3310 | D:3      | Killed Natasha
  3565 | D:3      | Noticed Natasha
  3569 | D:3      | Killed Natasha
  3569 | D:3      | Reached ** piety under Okawaru
  3770 | D:3      | Noticed Natasha
  3784 | D:3      | Killed Natasha
  4128 | D:4      | Reached skill level 1 in Invocations
  4128 | D:4      | Your scales start taking on a glossy black colour.
  4128 | D:4      | Reached XP level 7. HP: 56/56 MP: 4/11
  4128 | D:4      | Gained mutation: You are resistant to electric shocks.
                  | (rElec) [Black Draconian growth]
  4134 | D:4      | Reached skill level 1 in Long Blades
  4987 | D:5      | Entered Level 5 of the Dungeon
  5761 | D:5      | Found a burning altar of Makhleb.
  5761 | D:5      | Found a sacrificial altar of Ru.
  5761 | D:5      | Found a radiant altar of Vehumet.
  5995 | D:5      | Found a shadowy altar of Dithmenos.
  5999 | D:5      | Reached XP level 8. HP: 63/63 MP: 8/13
  6381 | D:5      | Reached skill level 5 in Fire Magic
  6452 | D:5      | Reached *** piety under Okawaru
  7010 | D:6      | Noticed Pikel
  7030 | D:6      | Killed Pikel
  7865 | D:7      | Reached XP level 9. HP: 31/71 MP: 6/16
  8085 | D:7      | Found a staircase to the Ecumenical Temple.
  8090 | D:7      | Found a runed translucent gate.
  8093 | D:7      | Found a runed translucent gate.
  8094 | D:7      | Found a runed translucent gate.
  8095 | D:7      | Noticed DemiseAU's ghost (journeyman MfAK)
  8095 | D:7      | Noticed mystoof's ghost (novice GnWz)
  8692 | D:8      | Reached **** piety under Okawaru
  8770 | D:8      | Reached skill level 5 in Spellcasting
  8772 | D:8      | Noticed Joseph
  9588 | D:8      | Killed Joseph
  9851 | D:8      | Reached skill level 1 in Staves
  9851 | D:8      | Reached skill level 2 in Staves
 10249 | D:8      | Reached skill level 3 in Staves
 10525 | D:8      | Reached skill level 4 in Staves
 10727 | D:8      | Reached skill level 5 in Staves
 10769 | D:8      | Received a gift from Okawaru
 11170 | D:9      | Found a snail-covered altar of Cheibriados.
 11275 | D:9      | Found an iron altar of Okawaru.
 11325 | D:9      | Reached XP level 10. HP: 72/80 MP: 3/17
 11766 | D:9      | Reached skill level 6 in Staves
 12090 | D:9      | Lost mutation: You have a pair of small horns on your head.
                  | [potion of mutation]
 12090 | D:9      | Gained mutation: Your body sometimes deteriorates upon
                  | taking damage. [potion of mutation]
 12090 | D:9      | Gained mutation: Your tail ends in a poisonous barb.
                  | [potion of mutation]
 12090 | D:9      | Gained mutation: You have large cloven feet. [potion of
                  | mutation]
 12147 | D:10     | Entered Level 10 of the Dungeon
 12479 | D:10     | Paralysed by a hornet for 3 turns
 12487 | D:10     | Reached ***** piety under Okawaru
 12487 | D:10     | Reached skill level 7 in Staves
 12869 | D:10     | Reached skill level 8 in Staves
 12879 | D:10     | Learned a level 4 spell: Sticky Flame
 12883 | D:10     | Learned a level 3 spell: Mephitic Cloud
 13252 | D:10     | Noticed a two-headed ogre
 13265 | D:10     | Noticed an unseen horror
 13275 | D:10     | Noticed Maurice
 13280 | D:10     | Killed an unseen horror
 13280 | D:10     | Reached skill level 9 in Staves
 13888 | D:10     | Killed Maurice
 13962 | D:10     | Received a gift from Okawaru
 13962 | D:10     | Reached skill level 10 in Staves
 14252 | D:10     | Killed a two-headed ogre
 14601 | D:10     | Reached XP level 11. HP: 52/85 MP: 12/19
 15397 | Temple   | Entered the Ecumenical Temple
 16050 | D:8      | You are sucked into a shaft for 2 floors!
 16151 | D:11     | Found Efag's Magic Scroll Emporium.
 16160 | D:11     | Found a staircase to the Lair.
 16166 | D:11     | Found a deep blue altar of Sif Muna.
 16195 | D:11     | Noticed a four-headed hydra
 16213 | D:11     | Noticed Grum
 16254 | D:11     | Killed Grum
 16541 | Lair:1   | Entered Level 1 of the Lair of Beasts
 16687 | Lair:1   | HP: 3/85 [cloud of flame (9)]
 16688 | Lair:1   | Engulfed by a cloud of flame

Skill      XL: |  1  2  3  4  5  6  7  8  9 10 |
---------------+-------------------------------+-----
Stealth        | 2 3 4 |  4.9
Dodging        | 2 3 4 |  4.6
Fighting       | 2 3 4 |  4.8
Conjurations   | 2 3 4 |  4.6
Spellcasting   | 3 4 5 |  5.4
Fire Magic     | 4 5 6 |  6.6
Invocations    | 1 2 3 4 |  4.4
Long Blades    | 1 2 3 |  3.4
Staves         | 5 10 | 10.6
Evocations     | |  0.9

Action                   |  1- 3 |  4- 6 |  7- 9 | 10-12 || total
-------------------------+-------+-------+-------+-------++-------
Melee: Unarmed           |    11 |       |       |       ||    11
       Tailslap          |     4 |     5 |    39 |    50 ||    98
       Club              |     2 |       |       |       ||     2
       Hand axe          |    39 |    39 |       |       ||    78
       Headbutt          |       |     8 |    47 |     6 ||    61
       Long sword        |       |    14 |   198 |       ||   212
       Quarterstaff      |       |       |    76 |   320 ||   396
       Punch             |       |       |     1 |       ||     1
Throw: Throwing net      |       |       |     1 |       ||     1
 Cast: Flame Tongue      |    58 |    27 |   178 |    11 ||   274
       Throw Flame       |     6 |    28 |    17 |    37 ||    88
       Conjure Flame     |     1 |       |     1 |       ||     2
       Sticky Flame      |       |       |       |     3 ||     3
Invok: Heroism           |       |     1 |     3 |     5 ||     9
       Finesse           |       |       |       |     1 ||     1
 Abil: Fly               |       |     1 |       |       ||     1
       Breathe Lightning |       |       |     3 |     1 ||     4
Evoke: Wand              |       |       |     4 |       ||     4
  Use: Scroll            |     6 |     1 |    16 |     6 ||    29
       Potion            |     4 |     2 |    13 |     4 ||    23
 Stab: Sleeping          |       |     1 |     3 |     5 ||     9
       Held in net/web   |       |       |     2 |       ||     2
  Eat: Chunk             |     4 |     1 |     9 |     3 ||    17
       Ration            |     1 |     1 |     5 |     4 ||    11
Armor: Skin              |    42 |    31 |   104 |    69 ||   246
Dodge: Dodged            |    83 |    50 |   330 |   168 ||   631
       Deflected         |       |       |     6 |     1 ||     7
       Rpst.: Long sword |       |     2 |    69 |       ||    71
